 Dungeon Crawl Stone Soup version 0.17.0-28-g6e173f8 (webtiles) character file.

46 gorblad the Firebug (level 3, -1/26 HPs)
             Began as a Draconian Fire Elementalist on Nov 30, 2015.
             Slain by gorblad's ghost (2 damage)
             ... while paralysed by gorblad's ghost
             ... on level 3 of the Dungeon.
             The game lasted 00:07:18 (2176 turns).

gorblad the Firebug (Draconian Fire Elementalist)   Turns: 2176, Time: 00:07:19

Health: -1/26      AC:  6    Str: 10    XL:     3   Next: 44%
Magic:  6/6        EV:  2    Int: 16    God:
Gold:   113        SH:  0    Dex: 11    Spells: 3 memorised, 0 levels left

rFire  . . .     SeeInvis +     (no weapon)
rCold  . . .     Clarity  .     (armour unavailable)
rNeg   . . .     SustAt   .     (no shield)
rPois  .         Gourm    .     (helmet restricted)
rElec  .         Spirit   .     (no cloak)
rCorr  .         Warding  .     (no gloves)
rMut   .         Stasis   .     h - +0 pair of boots
MR     .....                    (no amulet)
Stlth  ++........               (no ring)
                                c - ring of see invisible

@: paralysed, drained, not resistant to hostile enchantments, unstealthy
A: unfitting armour, cold-blooded, AC +5
a: no special abilities


You were on level 3 of the Dungeon.
You were not hungry.

You visited 1 branch of the dungeon, and saw 3 of its levels.

You collected 113 gold pieces.

Inventory:

Armour
 h - a +0 pair of boots (worn)
Jewellery
 c - a ring of see invisible (left hand)
Scrolls
 d - a scroll of remove curse {unknown}
 f - a scroll of identify {unknown}
 g - a scroll of random uselessness {unknown}
 i - a scroll of recharging {unknown}
Potions
 e - a potion of might {unknown}
Books
 a - a book of Flames

   Spells                             Type                      Level
   a - Flame Tongue                   Conjuration/Fire             1
   b - Throw Flame                    Conjuration/Fire             2
   c - Conjure Flame                  Conjuration/Fire             3
   d - Inner Flame                    Hexes/Fire                   3
   e - Sticky Flame                   Conjuration/Fire             4
   f - Fireball                       Conjuration/Fire             5
Comestibles
 b - 2 bread rations
 j - 4 fruits
 l - a slice of pizza


   Skills:
 - Level 1.8(1.4) Dodging
 - Level 1.9(1.5) Stealth
 - Level 2.3(1.9) Spellcasting
 * Level 2.6(2.1) Conjurations
 - Level 3.2(2.7) Fire Magic


You couldn't memorise any spells.
You knew the following spells:

 Your Spells              Type           Power        Failure   Level  Hunger
a - Flame Tongue          Conj/Fire      #....        10%         1    #......
b - Throw Flame           Conj/Fire      #.....       14%         2    ###....
c - Conjure Flame         Conj/Fire      #.......     28%         3    ###....


Dungeon Overview and Level Annotations

Branches:
Dungeon (3/15)

Altars:

Annotations:
D:3 gorblad's ghost, amateur DrCK


Innate Abilities, Weirdness & Mutations

Your plain brown scales are hard (AC +5).
Your body does not fit into most forms of armour.
You are cold-blooded and may be slowed by cold attacks.


Message History

The flame tongue misses the hobgoblin.
Casting: Flame Tongue
Confirm with . or Enter, or press ? or * to list all spells.
Aiming: Flame Tongue
Press: ? - help, Shift-Dir - straight line, f/p - hobgoblin
Aim: a hobgoblin, wielding a club (severely wounded)
The flame tongue hits the hobgoblin.
You kill the hobgoblin!
You start resting.
All of the chunks of flesh in your inventory have rotted away.
Magic restored.
You climb downwards.
Level annotation: gorblad's ghost, amateur DrCK Gorblad's ghost hits you.
You suddenly lose the ability to move!
Gorblad's ghost hits you! Gorblad's ghost freezes you.
* * * LOW HITPOINT WARNING * * *
Gorblad's ghost hits you.
* * * LOW HITPOINT WARNING * * *
Gorblad's ghost freezes you.
You die...

..... #......
#......
#......
######......
#.........
#......#######
#.............
#.....@.##..
#....W..##
#........#
#####+##.# ..>
.##.. .# ..#
.. .. .# .


You could see gorblad's ghost.

Vanquished Creatures
  An adder (D:2)
  3 worms (D:2)
  A giant gecko (D:3)
  9 goblins
  2 hobgoblins
  5 kobolds
  3 bats
  A giant cockroach (D:2)
  3 giant newts
  2 rats (D:1)
30 creatures vanquished.

Notes
Turn   | Place    | Note
--------------------------------------------------------------
     0 | D:1      | gorblad the Draconian Fire Elementalist began the quest for the Orb.
     0 | D:1      | Reached XP level 1. HP: 14/14 MP: 3/3
   380 | D:1      | Reached XP level 2. HP: 20/20 MP: 0/5
  1091 | D:2      | HP: 1/20 [worm (10)]
  1095 | D:2      | Reached XP level 3. HP: 1/26 MP: 0/6
  1782 | D:2      | Learned a level 2 spell: Throw Flame
  1786 | D:2      | Learned a level 3 spell: Conjure Flame
  1898 | D:3      | Noticed gorblad's ghost (amateur DrCK)
  2175 | D:3      | Paralysed by gorblad's ghost for 5 turns
  2176 | D:3      | HP: 1/26 [gorblad's ghost (5)]
  2176 | D:3      | Slain by gorblad's ghost

Action                   || total
-------------------------++-------
Melee: Unarmed           ||    28
 Cast: Flame Tongue      ||    68
       Throw Flame       ||     2
  Use: Potion            ||     2
  Eat: Chunk             ||     5
